 Dungeon Crawl Stone Soup version 0.24.0-123-gd5b16e6ec5 (webtiles) character file.

Game seed: 5810483364968104657, levelgen mode: deterministic

57 vurker the Magician (level 4, 38/38 HPs)
             Began as a Gnoll Wanderer on Jan 30, 2020.
             Quit the game on level 2 of the Dungeon.
             The game lasted 00:02:15 (2150 turns).

vurker the Magician (Gnoll Wanderer)                Turns: 2150, Time: 00:02:16

Health: 38/38      AC:  2    Str: 19    XL:     4   Next: 0%
Magic:  13/13      EV: 11    Int: 13    God:
Gold:   100        SH:  0    Dex: 12    Spells: 17/17 levels left

rFire    . . .     SeeInvis .   a - +0 hand axe
rCold    . . .     Gourm    .   (no shield)
rNeg     . . .     Faith    .   d - +0 robe
rPois    .         Spirit   .   (no helmet)
rElec    .         Reflect  .   (no cloak)
rCorr    .         Harm     .   (no gloves)
MR       .....                  (no boots)
Stlth    ++........             (no amulet)
HPRegen  0.12/turn              (no ring)
MPRegen  0.13/turn              (no ring)

@: no status effects
A: distributed training, fangs 1, strong nose
a: no special abilities


You were on level 2 of the Dungeon.
You were hungry.

You visited 1 branch of the dungeon, and saw 2 of its levels.

You collected 100 gold pieces.

Inventory:

Hand Weapons
 a - a +0 hand axe (weapon)
Armour
 d - a +0 robe (worn)
Scrolls
 f - a scroll of immolation {unknown}
 g - 2 scrolls of identify {unknown}
 i - a scroll of amnesia {unknown}
 j - a scroll of teleportation {unknown}
Potions
 b - a potion of heal wounds {unknown}
 c - a potion of might {unknown}
 h - a potion of magic {unknown}
 k - a potion of cancellation {unknown}
 l - a potion of invisibility {unknown}
 m - a potion of degeneration {unknown}
Comestibles
 e - 5 rations


   Skills:
 + Level 4.6 Fighting
 + Level 1.0 Short Blades
 + Level 1.0 Long Blades
 + Level 1.0 Axes
 + Level 1.0 Maces & Flails
 + Level 1.0 Polearms
 + Level 1.0 Staves
 + Level 1.0 Slings
 + Level 2.6 Bows
 + Level 1.0 Crossbows
 + Level 1.0 Throwing
 + Level 1.0 Armour
 + Level 1.0 Dodging
 + Level 1.0 Stealth
 + Level 4.6 Shields
 + Level 1.0 Unarmed Combat
 + Level 7.1 Spellcasting
 + Level 0.7 Conjurations
 + Level 0.7 Hexes
 + Level 2.1 Charms
 + Level 0.7 Summonings
 + Level 0.7 Necromancy
 + Level 0.7 Translocations
 + Level 0.7 Transmutations
 + Level 0.7 Fire Magic
 + Level 0.7 Ice Magic
 + Level 0.7 Air Magic
 + Level 0.7 Earth Magic
 + Level 2.1 Poison Magic
 + Level 1.0 Invocations
 + Level 1.0 Evocations


You had 17 spell levels left.
You didn't know any spells.
Your spell library contained the following spells:

 Spells                   Type           Power        Failure   Level  Hunger
 Infusion                 Chrm           ##..         6%          1    None
 Song of Slaying          Chrm           ##......     10%         2    #......
 Beastly Appendage        Tmut           #.....       11%         1    None
 Corona                   Hex            #......      11%         1    None
 Shroud of Golubria       Chrm/Tloc      #.....       13%         2    #......
 Ensorcelled Hibernation  Hex/Ice        #.....       17%         2    #......
 Regeneration             Chrm/Necr      #.........   26%         3    ##.....
 Spectral Weapon          Hex/Chrm       #.......     26%         3    ##.....
 Ignite Poison            Fire/Tmut/Pois #.......     28%         3    ##.....
 Confuse                  Hex            #.......     32%         3    ##.....
 Dazzling Spray           Conj/Hex       #.....       32%         3    ##.....
 Tukima's Dance           Hex            #.......     32%         3    ##.....


Dungeon Overview and Level Annotations

Branches:
Dungeon (2/15)

Altars:
Kikubaaqudgha
Wu Jian


Innate Abilities, Weirdness & Mutations

Your experience applies equally to all skills.
You have very sharp teeth.
Your uncanny sense of smell can sniff out nearby items.


Message History

A bat comes into view.
A bat is nearby!
Found 16 stones.
You barely miss the bat. The bat barely misses you. The bat closely misses you.
The bat hits you but does no damage.
You see here 16 gold pieces.
You barely miss the bat. The bat hits you but does no damage.
The bat closely misses you. The bat hits you.
You hit the bat.
You kill the bat!
No target in view!
No target in view!
No target in view!
No target in view!
No target in view!
No target in view!
No target in view!
No target in view!
No target in view!
No target in view!
No target in view!
No target in view!
No target in view!
You now have 100 gold pieces (gained 16).
Found a stone staircase leading up.
You are feeling hungry.
Found a fizzy pink potion and 14 sling bullets.
h - a fizzy pink potion You see here 14 sling bullets.
A kobold comes into view.
A kobold is nearby!
A kobold is nearby!
The helpless kobold fails to defend itself.
You hit the kobold. The kobold barely misses you.
You hit the kobold but do no damage. The kobold hits you.
A kobold is nearby!
You hit the kobold.
You kill the kobold!
No target in view!
A kobold comes into view.
A kobold is nearby!
A kobold is nearby!
The helpless kobold fails to defend itself.
You hit the kobold.
You kill the kobold!
You have reached level 4!
You feel clever.
Okay, then.

...#.#####.###.#.###.#####.#.>...
####.#...#.# #.#.# #.# ####.#
#.###.#.# #.#.# #.# ##.#
#.....#.# ..#.. #.# #...
#######.#########.# #.##
#...........# #.#.
#.#########.##.######.#. #.#
#.†.#.##........#.
#@###.###.......#. ########
#.....# #.......## #......#
####### #.......## .......#
#.......#. .......# #######...
.......# ###. #.##...# ##
...##..# ....##.#


There were no monsters in sight!

Vanquished Creatures
  2 adders (D:2)
  A worm (D:2)
  A dart slug (D:1)
  5 bats
  6 goblins
  2 hobgoblins (D:1)
  6 jackals
  3 kobolds
  A ball python (D:1)
  A frilled lizard (D:2)
  4 rats (D:1)
32 creatures vanquished.

Notes
Turn   | Place    | Note
-------+----------+-------------------------------------------
     0 | D:1      | vurker the Gnoll Wanderer began the quest for the Orb.
     0 | D:1      | vurker set off with the following items: a +0 hand axe, a
                  | +0 robe, a ration; and the following spells available to
                  | memorise: Infusion, Song of Slaying, Beastly Appendage,
                  | Shroud of Golubria, Regeneration, Spectral Weapon, Ignite
                  | Poison
     0 | D:1      | Reached XP level 1. HP: 20/20 MP: 8/8
   363 | D:1      | Reached XP level 2. HP: 17/26 MP: 10/10
  1060 | D:1      | Reached XP level 3. HP: 26/31 MP: 11/11
  1300 | D:2      | Found an ancient bone altar of Kikubaaqudgha.
  1607 | D:2      | Reached skill level 1 in Invocations
  1610 | D:2      | Found an ornate altar of the Wu Jian Council.
  1793 | D:2      | Reached skill level 1 in Short Blades
  1793 | D:2      | Reached skill level 1 in Long Blades
  1793 | D:2      | Reached skill level 1 in Axes
  1793 | D:2      | Reached skill level 1 in Maces & Flails
  1793 | D:2      | Reached skill level 1 in Polearms
  1793 | D:2      | Reached skill level 1 in Staves
  1793 | D:2      | Reached skill level 1 in Slings
  1793 | D:2      | Reached skill level 1 in Crossbows
  1793 | D:2      | Reached skill level 1 in Throwing
  1793 | D:2      | Reached skill level 1 in Armour
  1793 | D:2      | Reached skill level 1 in Dodging
  1793 | D:2      | Reached skill level 1 in Stealth
  1793 | D:2      | Reached skill level 1 in Unarmed Combat
  1793 | D:2      | Reached skill level 1 in Evocations
  2149 | D:2      | Reached XP level 4. HP: 38/38 MP: 13/13
  2150 | D:2      | Quit the game

Levels and vault maps discovered:
D:1:      dpeg_arrival_tiny_a, layout_rooms, kennysheep_nondescript
D:2:      mumra_celtic_spiral_tile, layout_basic, kiku_gazebo_pond_becter,
          overflow_temple_1_default, elyvilon_altar_4, lemuel_round_altar

Skill      XL: |  1  2  3 |
---------------+----------+-----
Charms         | 2 |  2.1
Poison Magic   | 2 |  2.1
Invocations    | 1 |  1.0
Short Blades   | 1 |  1.0
Long Blades    | 1 |  1.0
Axes           | 1 |  1.0
Maces & Flails | 1 |  1.0
Polearms       | 1 |  1.0
Staves         | 1 |  1.0
Slings         | 1 |  1.0
Crossbows      | 1 |  1.0
Throwing       | 1 |  1.0
Armour         | 1 |  1.0
Dodging        | 1 |  1.0
Stealth        | 1 |  1.0
Unarmed Combat | 1 |  1.0
Evocations     | 1 |  1.0
Fighting       | |  4.6
Bows           | |  2.6
Shields        | |  4.6
Spellcasting   | |  7.1
Conjurations   | |  0.7
Hexes          | |  0.7
Summonings     | |  0.7
Necromancy     | |  0.7
Translocations | |  0.7
Transmutations | |  0.7
Fire Magic     | |  0.7
Ice Magic      | |  0.7
Air Magic      | |  0.7
Earth Magic    | |  0.7

Action                   |  1- 3 |  4- 6 || total
-------------------------+-------+-------++-------
Melee: Hand axe          |   107 |       ||   107
       Bite              |     5 |       ||     5
 Stab: Sleeping          |     3 |       ||     3
  Eat: Chunk             |     3 |       ||     3
Armor: Robe              |    30 |       ||    30
Dodge: Dodged            |    99 |       ||    99
